Map: Base du roi Sejong EC

Players

Sankukai

  • Race: Zerg Zerg
  • League: Gold

RAVekdream - Winner!

  • Race: Zerg Zerg
  • League: Platinum

VOD

Have the link to the VOD?

Description

Time

  • Played on: Aug. 19, 2016, 11:12 a.m.
  • Length: 14:36
Show
View Real Time Build Order
Export as new Build Order

Sankukai Zerg 

Build Orders: Hatch First 

Get SALT Encoding   

  12  0:01  Drone  
  13  0:11  Drone  
  14  0:23  Overlord  
  14  0:28  Extractor  
  14  0:30  Extractor, Drone  
  14  0:31  Drone  
  16  0:46  Drone  
  17  0:58  Hatchery  
  16  1:05  Drone x2  
  16  1:08  Extractor  
  17  1:24  Spawning Pool  
  16  1:26  Drone  
  17  1:36  Drone  
  17  1:39  Drone  
  19  1:42  Overlord  
  19  1:57  Drone  
  20  2:01  Drone  
  21  2:14  Baneling Nest  
  20  2:21  Zergling x2  
  20  2:22  Zergling x4  
  23  2:23  Queen  
  23  2:28  Spine Crawler  
  24  2:31  Zergling x2  
  24  2:34  Zergling x4  
  27  2:47  Zergling x4  
  27  2:51  Queen  
  29  2:56  Zergling x4  
  33  3:00  Baneling x3  
  33  3:09  Overlord  
  33  3:20  Spine Crawler  
  22  3:42  Zergling x6  
  22  3:43  Zergling x10  
  30  3:49  Baneling  
  30  3:59  Drone x2  
  30  4:00  Drone  
  33  4:10  Drone x2  
  33  4:15  Lair  
  35  4:20  Extractor  
  34  4:27  Drone x3  
  37  4:37  Overlord  
  37  4:38  Overlord  
  37  4:48  Extractor x2  
  35  4:54  Drone x4  
  35  4:55  Drone  
  40  5:15  Drone x6  
  46  5:26  Spire  
  45  5:38  Drone x3  
  45  5:41  Overlord  
  48  5:43  Overlord  
  48  5:47  Overlord  
  48  5:58  Drone  
  48  5:59  Drone x3  
  52  6:16  Overlord x2  
  52  6:39  Mutalisk x6  
  54  6:40  Mutalisk x2  
  68  6:49  Mutalisk x2  
  68  6:50  Mutalisk  
  74  7:09  Mutalisk x2  
  78  7:22  Mutalisk  
  80  7:27  Hatchery  
  79  7:38  Mutalisk x2  
  79  7:43  Zergling x18  
  92  7:52  Zergling x2  
  93  8:05  Mutalisk x3  
  99  8:20  Overlord x4  
  99  8:34  Overlord x3  
  99  8:40  Extractor  
  98  8:44  Extractor  
  95  9:06  Mutalisk x6  
  105  9:16  Queen  
  107  9:22  Mutalisk  
  109  9:25  Zergling x10  
  114  9:32  Evolution Chamber, Queen  
  115  9:51  Mutalisk x2  
  115  9:52  Mutalisk  
  65  10:26  Baneling x6  
  65  10:27  Baneling x2  
  65  10:28  Zergling x16  
  68  10:29  Zergling x8  
  77  10:40  Zergling x6  
  72  11:11  Queen  
  72  11:15  Drone x9  
  83  11:37  Evolution Chamber  
  83  11:38  Roach Warren  
  81  11:41  Zergling x14  
  88  11:56  Drone x5  
  77  12:26  Roach  
  77  12:27  Roach x9  
  97  12:31  Baneling  
  97  12:32  Baneling x8  
  97  12:33  Baneling x5  
  97  12:37  Drone x4  
  97  12:38  Queen  
  103  12:58  Roach x7  
  117  13:05  Glial Reconstitution  
  117  13:07  Centrifical Hooks  
  117  13:15  Infestation Pit  
  117  13:19  Queen  
  118  13:25  Queen  
  120  13:38  Roach x3  
  120  13:39  Roach x6  
  138  13:48  Overlord x2  
  138  13:49  Overlord  
Show
View Real Time Build Order
Export as new Build Order

RAVekdream Zerg - Winner!

Build Orders: Pool First, Zergling Baneling 

Get SALT Encoding   

  12  0:02  Drone  
  13  0:09  Drone  
  14  0:16  Overlord  
  14  0:23  Extractor, Drone  
  14  0:36  Drone x2  
  16  0:54  Spawning Pool  
  15  1:00  Drone x2  
  17  1:08  Drone  
  18  1:22  Drone  
  19  1:28  Overlord  
  18  1:43  Metabolic Boost  
  18  1:44  Queen  
  18  1:45  Zergling x2  
  21  1:50  Zergling x2  
  22  1:57  Baneling Nest  
  22  2:00  Zergling x2  
  22  2:11  Zergling x2  
  23  2:31  Zergling x2  
  24  2:40  Zergling x2  
  25  2:53  Baneling x6  
  25  2:54  Zergling x6  
  25  2:55  Zergling x2  
  25  2:57  Zergling x2  
  30  3:09  Hatchery  
  28  3:14  Overlord  
  19  3:42  Drone x3  
  19  3:43  Drone x2  
  19  3:45  Queen  
  25  3:54  Drone  
  26  4:04  Zergling x2  
  27  4:27  Lair  
  27  4:30  Extractor  
  26  4:33  Drone  
  26  4:34  Drone x3  
  26  4:35  Overlord  
  26  4:36  Zergling x2  
  31  4:38  Baneling  
  31  4:40  Baneling  
  31  4:52  Roach Warren  
  31  4:53  Drone x3  
  31  4:54  Drone  
  34  5:00  Evolution Chamber  
  34  5:02  Drone x3  
  36  5:11  Drone x3  
  39  5:18  Drone x2  
  41  5:26  Drone x2  
  41  5:27  Zerg Missile Weapons Level 1  
  43  5:28  Drone  
  43  5:30  Drone  
  43  5:33  Drone  
  46  5:36  Glial Reconstitution  
  46  5:39  Pneumatized Carapace  
  46  5:52  Evolution Chamber  
  46  5:54  Extractor  
  44  5:59  Queen  
  46  6:07  Hatchery  
  45  6:12  Overlord  
  45  6:17  Roach  
  45  6:18  Roach x2  
  51  6:24  Overlord  
  51  6:38  Roach x4  
  59  7:00  Roach x4  
  67  7:02  Overlord x2  
  67  7:03  Drone  
  68  7:31  Queen x3  
  68  7:33  Drone x5  
  68  7:34  Drone x3  
  82  7:40  Zerg Missile Weapons Level 2  
  81  8:06  Drone x6  
  81  8:12  Spine Crawler  
  86  8:14  Spine Crawler  
  86  8:15  Spine Crawler  
  84  8:24  Drone x2  
  84  8:25  Overlord x3, Drone  
  89  8:27  Roach  
  89  8:33  Spore Crawler  
  88  8:34  Overlord  
  75  9:16  Spore Crawler, Hydralisk Den  
  62  9:18  Spore Crawler  
  61  9:26  Spore Crawler  
  61  9:27  Spore Crawler  
  61  9:28  Spore Crawler  
  61  9:29  Spore Crawler x2  
  56  9:33  Ravager x2  
  56  9:34  Ravager x2  
  60  9:41  Zergling x4  
  60  9:42  Zergling x14  
  69  9:56  Zergling x10  
  69  9:57  Zergling x2  
  73  10:03  Hydralisk  
  72  10:23  Drone  
  72  10:27  Extractor, Overlord x4  
  72  10:33  Overlord  
  72  10:34  Overlord  
  72  10:36  Queen  
  72  10:37  Queen  
  72  10:39  Queen  
  70  10:47  Hydralisk x4  
  70  10:48  Hydralisk x6  
  76  11:00  Spore Crawler  
  76  11:01  Spore Crawler  
  71  11:06  Overlord x2  
  71  11:17  Hydralisk x6  
  83  11:33  Hydralisk  
  83  11:34  Hydralisk x6  
  97  11:54  Extractor  
  96  11:56  Muscular Augments, Hydralisk x6  
  96  11:57  Extractor, Hydralisk x2  
  101  12:29  Roach  
  105  12:30  Roach x9  
  105  12:31  Roach x3  
  127  12:38  Zergling x2  
  127  12:40  Overseer  
  128  12:55  Infestation Pit  
  127  13:00  Overlord x2  
  127  13:02  Drone  
  128  13:17  Hatchery  
  127  13:26  Queen  
  127  13:27  Queen  
  126  13:32  Drone x3  
  126  13:34  Roach x3  
  137  13:35  Roach  
  137  13:37  Ravager  
  137  13:38  Ravager x2  
  137  13:41  Ravager  
  145  13:57  Overlord x4  
Tags
 
Add a new tag
Caveats
  • Supply blocks, unpowered buildings, or Contaminate may cause inaccurate times.
  • Supply counts are checked every 10 seconds.